 Dungeon Crawl Stone Soup version 0.22-a0-482-g76e0a5f (webtiles) character file.

3725 Amnesiac the Reanimator (level 9, -5/56 HPs)
             Began as a Deep Elf Necromancer on June 17, 2018.
             Was a Believer of Sif Muna.
             Killed from afar by Erica (25 damage)
             ... with a bolt of poison
             ... on level 10 of the Dungeon.
             The game lasted 00:23:15 (7957 turns).

Amnesiac the Reanimator (Deep Elf Necromancer)      Turns: 7957, Time: 00:23:16

Health: -5/56      AC:  9    Str:  5    XL:     9   Next: 92%
Magic:  29/42      EV: 15    Int: 24    God:    Sif Muna [**....]
Gold:   494        SH:  0    Dex: 15    Spells: 21/27 levels left

rFire    . . .     SeeInvis .   a - +3 hunting sling (freeze)
rCold    + . .     Gourm    .   (no shield)
rNeg     . . .     Faith    .   C - +3 leather armour {rC+}
rPois    .         Spirit   .   (no helmet)
rElec    .         Reflect  .   v - +0 cloak
rCorr    .         Harm     .   x - +1 pair of gloves
MR       .....                  (no boots)
Stlth    ++........             E - amulet of magic regeneration
HPRegen  0.18/turn              j - ring of magical power
MPRegen  0.53/turn              A - ring of magical power

@: lethally poisoned (-5 -> -16), divine energy
A: no striking features
a: Stop Divine Energy, Renounce Religion


You were on level 10 of the Dungeon.
You worshipped Sif Muna.
Sif Muna was pleased with you.
You were not hungry.

You visited 2 branches of the dungeon, and saw 11 of its levels.
You also visited: Sewer.

You collected 494 gold pieces.

Inventory:

Hand Weapons
 a - a +3 hunting sling of freezing (weapon)
 b - the +11 quarterstaff of Doom {freeze, rElec rF+ rC- MR+}
   (You found it on level 7 of the Dungeon)

   It has been specially enchanted to freeze those struck by it, causing extra
   injury to most foes and up to half again as much damage against particularly
   susceptible opponents.
   It can also slow down cold-blooded creatures.
   It protects you from fire.
   It makes you vulnerable to cold.
   It insulates you from electricity.
   It affects your resistance to hostile enchantments.
Missiles
 o - 127 stones (quivered)
 t - a throwing net
 D - 23 sling bullets
Armour
 v - a +0 cloak (worn)
 x - a +1 pair of gloves (worn)
 C - a +3 leather armour of cold resistance (worn)
Magical Staves
 e - an uncursed staff of wizardry
Jewellery
 j - a ring of magical power (left hand)
 l - an uncursed ring of protection from fire
 A - a ring of magical power (right hand)
 B - an uncursed ring of protection from fire
 E - an amulet of magic regeneration (around neck)
Wands
 f - a wand of iceblast (8)
 i - a wand of polymorph (17)
 r - a wand of flame (69)
 F - a wand of clouds (4)
 I - a wand of acid (9)
Scrolls
 d - 3 scrolls of amnesia {!r}
 m - a scroll of enchant armour {!r}
 n - 3 scrolls of fear {!r}
 p - 2 scrolls of magic mapping {!r}
 q - 2 scrolls of blinking {!r}
 s - 3 scrolls of teleportation {!r}
 y - a scroll of remove curse {!r}
 J - a scroll of summoning {!r}
Potions
 g - 2 potions of agility {!q}
 h - a potion of magic {!q}
 k - a potion of berserk rage {!q, unknown}
 u - 3 potions of curing {!q}
 w - 2 potions of haste {!q}
 z - 2 potions of mutation {!q}
 H - a potion of brilliance {!q}
Comestibles
 c - 7 rations
 G - 2 chunks of flesh


   Skills:
 - Level 6.6 Fighting
 - Level 6.5 Dodging
 - Level 2.4 Stealth
 + Level 9.9 Spellcasting
 * Level 10.4 Necromancy


You had 21 spell levels left.
You knew the following spells:

 Your Spells              Type           Power        Failure   Level  Hunger
d - Vampiric Draining     Necr           ######....   1%          3    None
r - Regeneration          Chrm/Necr      #####.....   3%          3    None

Your spell library contained the following spells:

 Spells                   Type           Power        Failure   Level  Hunger
 Animate Dead             Necr           N/A          1%          4    #......
 Pain                     Necr           ####         1%          1    None
 Animate Skeleton         Necr           N/A          1%          1    None
 Shroud of Golubria       Chrm/Tloc      ##........   14%         2    None
 Infusion                 Chrm           ##..         9%          1    None
 Song of Slaying          Chrm           ##......     14%         2    None
 Spectral Weapon          Hex/Chrm       ##......     26%         3    None


Dungeon Overview and Level Annotations

Branches:
Dungeon (10/15)            Temple (1/1) D:6
   Lair: D:8-11         Orc: D:9-12

Altars:
Cheibriados
Dithmenos
Elyvilon
Fedhas
Gozag
Hepliaklqana
Makhleb
Nemelex Xobeh
Okawaru
Qazlal
Ru
Sif Muna
Trog
Uskayaw
Vehumet
Wu Jian
Xom
Yredelemnul
The Shining One

Shops:
D:5 =

Annotations:
D:10 Erica, Maurice


Message History

You open the door.
There is an open door here.
Found an escape hatch in the ceiling.
There is an escape hatch in the ceiling here.
Erica the Fiery-Tempered comes into view.
She is wielding a scimitar of flaming.
Put on which piece of jewellery? (? for menu, Esc to quit)
Okay, then.
Put on which piece of jewellery? (? for menu, Esc to quit)
The amulet hums as it attunes itself to your energized body.
E - an amulet of magic regeneration (around neck) Erica shouts!
Erica mumbles some strange words.
Erica flickers and vanishes!
Deactivating autopickup; reactivate with Ctrl-A.
Something hits you. Something burns you.
Casting: Vampiric Draining (safe; 1% risk of failure)
Confirm with . or Enter, or press ? or * to list all spells.
Aiming: Vampiric Draining (safe; 1% risk of failure)
Press: ? - help, Shift-Dir - straight line You feel life coursing into your body.
Maurice the Thief comes into view.
He is wielding a dagger.
You hear some strange, mumbled words.
An orb of energy appears from out of thin air!
The orb of energy hits you!
* * * LOW HITPOINT WARNING * * *
The orb of energy explodes!
Maurice shouts!
Casting: Vampiric Draining (safe; 1% risk of failure)
Confirm with . or Enter, or press ? or * to list all spells.
Aiming: Vampiric Draining (safe; 1% risk of failure)
Press: ? - help, Shift-Dir - straight line You feel life coursing into your body.
Something hits you.
* * * LOW HITPOINT WARNING * * *
Something burns you.
* * * LOW HITPOINT WARNING * * *
Casting: Vampiric Draining (safe; 1% risk of failure)
Confirm with . or Enter, or press ? or * to list all spells.
Aiming: Vampiric Draining (safe; 1% risk of failure)
Press: ? - help, Shift-Dir - straight line You feel life coursing into your body.
Something hits you.
* * * LOW HITPOINT WARNING * * *
Something burns you.
* * * LOW HITPOINT WARNING * * *
Maurice casts a spell.
Maurice puts on a burst of speed!
Casting: Vampiric Draining (safe; 1% risk of failure)
Confirm with . or Enter, or press ? or * to list all spells.
Aiming: Vampiric Draining (safe; 1% risk of failure)
Press: ? - help, Shift-Dir - straight line You feel life coursing into your body.
You hear some strange, mumbled words.
An orb of energy appears from out of thin air!
The orb of energy hits you!
* * * LOW HITPOINT WARNING * * *
Casting: Vampiric Draining (safe; 1% risk of failure)
Confirm with . or Enter, or press ? or * to list all spells.
Aiming: Vampiric Draining (safe; 1% risk of failure)
Press: ? - help, Shift-Dir - straight line You feel life coursing into your body.
You hear some strange, mumbled words.
A bolt of poison appears from out of thin air!
The bolt of poison hits you!
You are poisoned.
You die...

.............#.##
.............#..######
.............'........
.##.##.......##.######
# #.......##...
##+##.......##.####
#...........##.#..#
#...............{.#
#...........##.@@##.#
##'######...<#......#
#.###########..#####
#.......<.......#
###############.# .#
.# .#


You could see Maurice.

Vanquished Creatures
  A two-headed ogre (D:8)
  Pikel (D:6)
  A hippogriff (D:7)
  A wyvern (D:8)
  Eustachio (D:4)
  A water moccasin (D:6)
  2 slaves (D:6)
  2 orc warriors
  An ice beast (D:7)
  3 sky beasts
  2 phantoms
  3 bullfrogs
  A scorpion (D:4)
  Dowan (D:4)
  A howler monkey (D:5)
  4 crimson imps
  A jelly (D:10)
  3 orc priests
  A hound (D:8)
  Crazy Yiuf (D:4)
  3 bullfrog skeletons
  A gnoll shaman (D:8)
  An iguana (D:4)
  3 orc wizards
  4 worker ants
  3 gnolls (D:8)
  A river rat (D:3)
  15 adders
  4 shadow imps
  13 oozes
  2 worms
  14 leopard geckos
  12 orcs
  14 ball pythons
  7 bats
  18 giant cockroaches
  9 goblins
  7 hobgoblins
  2 jackals (D:3)
  4 quokkas
  11 frilled lizards
  4 kobolds
  A leopard gecko skeleton (D:5)
  A quokka skeleton (D:4)
  A quokka zombie (D:4)
  7 rats
194 creatures vanquished.

Vanquished Creatures (others)
  A slave (D:6)
  An orc wizard (D:10)
2 creatures vanquished.

Grand Total: 196 creatures vanquished

Notes
Turn   | Place    | Note
-------+----------+-------------------------------------------
     0 | D:1      | Amnesiac the Deep Elf Necromancer began the quest for the Orb.
     0 | D:1      | Reached XP level 1. HP: 10/10 MP: 6/6
   319 | D:1      | Reached skill level 1 in Fighting
   345 | D:1      | Reached XP level 2. HP: 13/16 MP: 5/8
   926 | D:2      | Reached XP level 3. HP: 20/21 MP: 9/9
   933 | D:2      | Learned a level 3 spell: Vampiric Draining
   937 | D:2      | Learned a level 3 spell: Regeneration
  1097 | D:2      | Reached skill level 5 in Necromancy
  1226 | D:2      | Reached XP level 4. HP: 14/27 MP: 10/10
  1657 | D:4      | Noticed Duvessa
  1658 | D:4      | Noticed Dowan
  1871 | D:3      | Reached XP level 5. HP: 23/32 MP: 9/11
  1893 | D:3      | Found a glowing drain.
  1897 | Sewer    | Entered a sewer
  2444 | Sewer    | Reached XP level 6. HP: 13/38 MP: 3/12
  3067 | D:4      | Reached skill level 6 in Necromancy
  3339 | D:4      | Found a runed door.
  3345 | D:4      | Noticed Crazy Yiuf
  3345 | D:4      | Noticed Eustachio
  3363 | D:4      | Killed Crazy Yiuf
  3534 | D:4      | Killed Eustachio
  3534 | D:4      | Reached XP level 7. HP: 30/44 MP: 0/13
  3692 | D:5      | Entered Level 5 of the Dungeon
  3745 | D:5      | Reached skill level 5 in Fighting
  3806 | D:5      | Reached skill level 5 in Dodging
  3851 | D:5      | Found an iron altar of Okawaru.
  3927 | D:4      | Killed Dowan
  4067 | D:4      | Noticed Duvessa
  4067 | D:4      | Duvessa changed into Duvessa the bullfrog
  4079 | D:4      | Killed Duvessa the bullfrog
  4421 | D:5      | Identified a scroll of acquirement {!r}
  4799 | D:5      | Found Caujeg's Jewellery Emporium.
  5050 | D:6      | Noticed Pikel
  5078 | D:6      | Reached skill level 7 in Necromancy
  5085 | D:6      | Killed Pikel
  5085 | D:6      | Reached XP level 8. HP: 45/52 MP: 5/14
  5236 | D:6      | Found a staircase to the Ecumenical Temple.
  5257 | Temple   | Entered the Ecumenical Temple
  5402 | Temple   | Became a worshipper of Sif Muna the Loreminder
  5430 | D:6      | Reached skill level 8 in Necromancy
  6647 | D:7      | Found a hazy altar of Hepliaklqana.
  6722 | D:7      | Reached skill level 5 in Spellcasting
  6996 | D:7      | Found a blossoming altar of Fedhas.
  7044 | D:7      | Reached XP level 9. HP: 37/56 MP: 17/19
  7314 | D:7      | Got an ivory quarterstaff
  7363 | D:7      | Identified the +11 quarterstaff of Doom {freeze, rElec rF+ rC- MR+} (You found it on level 7 of the Dungeon)
  7422 | D:8      | Reached * piety under Sif Muna
  7482 | D:8      | Noticed a two-headed ogre
  7520 | D:8      | Killed a two-headed ogre
  7520 | D:8      | Reached skill level 9 in Necromancy
  7665 | D:8      | Reached ** piety under Sif Muna
  7672 | D:8      | Noticed a two-headed ogre
  7721 | D:9      | Reached skill level 10 in Necromancy
  7724 | D:10     | Entered Level 10 of the Dungeon
  7948 | D:10     | Noticed Erica
  7953 | D:10     | Noticed Maurice
  7957 | D:10     | Killed from afar by Erica

Vault maps used:
D:1:      scummos_arrival_simple_fountains
D:3:      gup_sewer_entry_bowl
D:4:      cheibrodos_helix_gallery, uniq_duvessa, uniq_crazy_yiuf_cottage,
          uniq_eustachio
D:5:      okawaru_metal_pillars_3, serial_shops, nicolae_shop_waterfront,
          first_ration, kennysheep_small_square
D:6:      temple_pool_b, uniq_pikel
D:7:      overflow_temple_1_default, basic_altar
D:8:      nicolae_overflow_crystal_walls
D:9:      lemuel_crystal_altar, fedhas_altar_2, cheibrodos_ashenzari_chains,
          dpeg_oklobed_lair
D:10:     minmay_four_partial_circles, basic_altar, special_room,
          uniq_josephine, uniq_erica, uniq_maurice
Temple:   nicolae_temple_elliptical
Sewer:    sewer_frog_island_02

Skill      XL: |  1  2  3  4  5  6  7  8  9 |
---------------+----------------------------+-----
Fighting       | 1 2 3 4 6 |  6.6
Necromancy     | 5 6 7 8 10 | 10.4
Dodging        | 3 4 6 |  6.5
Spellcasting   | 5 9 |  9.9
Stealth        | |  2.4

Action                   |  1- 3 |  4- 6 |  7- 9 || total
-------------------------+-------+-------+-------++-------
Melee: Dagger            |     1 |       |       ||     1
       Spear             |    23 |   318 |   120 ||   461
 Fire: Hunting sling     |       |       |   407 ||   407
Throw: Throwing net      |       |       |     1 ||     1
 Cast: Pain              |    41 |       |       ||    41
       Vampiric Draining |     5 |    67 |    62 ||   134
       Regeneration      |     1 |     4 |     2 ||     7
Invok: Divine Energy     |       |       |     1 ||     1
Evoke: Wand              |       |       |    19 ||    19
  Use: Scroll            |     6 |     5 |    10 ||    21
 Stab: Sleeping          |     1 |     4 |     3 ||     8
  Eat: Chunk             |     1 |    14 |    15 ||    30
       Ration            |       |       |     1 ||     1
Armor: Robe              |     3 |    59 |    14 ||    76
       Leather armour    |       |       |    82 ||    82
       Skin              |       |       |     8 ||     8
Dodge: Dodged            |    16 |   313 |   311 ||   640

Table legend:
 A = Spawn XP
 B = Non-spawn XP
 C = Spawn XP percentage of total XP
 D = Spawn monster count
 E = Non-spawn monster count
 F = Spawn count percentage of total count
 G = Total turns spent on level
                    A         B        C        D         E        F      G
               +---------+---------+-------+---------+---------+-------+---------
         Total |       0 |    5322 |   0.0 |       0 |     193 |   0.0 |  7957
               +---------+---------+-------+---------+---------+-------+---------
           D:1 |       0 |      40 |   0.0 |       0 |      22 |   0.0 |   853
           D:2 |       0 |      82 |   0.0 |       0 |      21 |   0.0 |  1091
           D:3 |       0 |      87 |   0.0 |       0 |      21 |   0.0 |  1004
           D:4 |       0 |     631 |   0.0 |       0 |      19 |   0.0 |  1080
           D:5 |       0 |     204 |   0.0 |       0 |      12 |   0.0 |  1059
           D:6 |       0 |    1212 |   0.0 |       0 |      10 |   0.0 |   726
           D:7 |       0 |     557 |   0.0 |       0 |       8 |   0.0 |   724
           D:8 |       0 |    1542 |   0.0 |       0 |      14 |   0.0 |   331
           D:9 |       0 |     219 |   0.0 |       0 |       3 |   0.0 |    10
          D:10 |       0 |     390 |   0.0 |       0 |       9 |   0.0 |   233
         Sewer |       0 |     358 |   0.0 |       0 |      54 |   0.0 |   693
               +---------+---------+-------+---------+---------+-------+---------
